 Dungeon Sprint DCSS version 0.32-a0-42-ga30500b4d3 (webtiles) character file.

Game seed: 3172754702320684400

21 rocky1 the Apothecary (level 2, -1/19 HPs)
             Began as an Octopode Alchemist on Jan 29, 2024.
             Was an Initiate of Gozag.
             Slain by an ufetubus (2 damage)
             ... in the Dungeon (Sprint VII: "The Pits").
             The game lasted 00:01:21 (129 turns).

rocky1 the Apothecary (Octopode Alchemist)           Turns: 129, Time: 00:01:22

Health: -1/19      AC:  1    Str:  7    XL:     2   Next: 83%
Magic:  4/5        EV: 13    Int: 17    God:    Gozag
Gold:   126        SH:  0    Dex: 12    Spells: 5/6 levels left

rFire   . .          .
                       - Unarmed
rCold   . . .        (no shield)
rNeg    . . .        (helmet restricted)
rPois   .            (no amulet)
rElec   .            (no ring)
rCorr   .            (no ring)
SInv    .            (no ring)
Will    .....        (no ring)
Stlth   +++          (no ring)
HPRegen 0.23/turn    (no ring)
MPRegen 0.09/turn    (no ring)
                     (no ring)

%: no teleportation
@: gold aura
A: almost no armour, amphibious, 8 rings, camouflage 1, gelatinous body 1,
(nimble swimmer 1), tentacles
a: Renounce Religion, Potion Petition, Call Merchant, Bribe Branch


You were in the Dungeon.
You worshipped Gozag.
Gozag was aware of your devotion.
You visited 1 branch You collected 126 gold pieces.

Inventory:

Scrolls
 f - a scroll of blinking
 h - 2 scrolls of vulnerability
 i - 5 scrolls of amnesia
 j - a scroll of summoning
Potions
 a - 5 potions of magic
 b - a potion of curing
 c - a potion of heal wounds
 d - a potion of haste
 e - 3 potions of berserk rage
 g - 2 potions of invisibility


   Skills:
 + Level 1.7 Fighting
 + Level 2.8 Dodging
 + Level 3.9 Stealth
 + Level 1.6 Unarmed Combat
 + Level 2.6 Spellcasting
 + Level 2.1 Conjurations
 + Level 3.9 Alchemy


You had 5 spell levels left.
You knew the following spells:

 Your Spells              Type           Power      Damage    Failure   Level
a - Sting                 Conj/Alch      48%        1d6       5%          1

Your spell library contained the following spells:

 Spells                   Type           Power      Damage    Failure   Level
 Mercury Vapours          Alch/Air       16%        N/A       12%         2
 Mephitic Cloud           Conj/Alch/Air  9%         N/A       24%         3
 Olgreb's Toxic Radiance  Alch           15%        N/A       34%         4
 Sticky Flame             Fire/Alch      8%         2d4       63%         4


Dungeon Overview and Level Annotations

Branches:
Dungeon (1/1)

Altars:
Ashenzari
Cheibriados
Dithmenos
Elyvilon
Fedhas
Gozag
Hepliaklqana
Kikubaaqudgha
Makhleb
Nemelex Xobeh
Okawaru
Qazlal
Ru
Sif Muna
Trog
Uskayaw
Vehumet
Wu Jian
Xom
Yredelemnul
Zin
The Shining One
Jiyva
Lugonu


Innate Abilities, Weirdness & Mutations

You cannot wear most types of armour.
You are amphibious.
You can wear up to eight rings at the same time.
Your skin changes colour to match your surroundings (Stealth+).
Your rubbery body absorbs attacks. (AC +1, EV +1)
((You are camouflaged when in or above water. (Stealth+)))
You have tentacles for arms and can constrict up to eight enemies at once.


Message History

You squeeze the ball python.
You kill the ball python!
You now have 126 gold pieces.
You start resting.
Magic restored.
There is an open door here.
You start resting.
HP restored.
Okay, then.
You open the door.
A river rat comes into view.
Aiming: Sting (safe; 5% risk of failure)
Press: ? - help, Q - select action, (/) - cycle Shift-Dir - straight line, f - river rat
Aim: a river rat (asleep, 100% to hit)
The sting hits the river rat but does no damage.
The river rat is poisoned.
The river rat squeaks loudly.
You hear a shout!
An ufetubus comes into view.
You tentacle-slap the river rat but do no damage.
You grab the river rat. Your squeeze misses the river rat.
The river rat is moderately wounded.
You constrict the river rat, but do no damage.
The river rat closely misses you.
You tentacle-slap the river rat.
The river rat is moderately wounded.
You constrict the river rat. The river rat bites you!
Ouch! That really hurt!
You tentacle-slap the river rat.
The river rat is almost dead.
You constrict the river rat, but do no damage.
The river rat bites you!
* * * LOW HITPOINT WARNING * * *
You barely miss the river rat. Your squeeze misses the river rat.
The river rat is almost dead.
You constrict the river rat.
You kill the river rat!
The ufetubus slips past you! The ufetubus hits you.
You die...
Your body crumbles into a pile of gold.

#_________.#
#_______...###########
##########'##.........
#..(.')))'.##......#..
##########.##.........
#...........'......)..
#+#####'#####......#..
#..5..# #.........
#..@..# ####'#####
###$### #.......# ...
#.......# .....
#.......# ####+##
#...<...# #.......#
#.......# #.......#
#########


You could see an ufetubus.

Vanquished Creatures
  A gnoll (D)
  2 river rats (D)
  A ball python (D)
4 creatures vanquished.

Notes
Turn   | Place    | Note
-------+----------+-------------------------------------------
     0 | D        | rocky1 the Octopode Alchemist began the quest for the Orb.
     0 | D        | Reached XP level 1. HP: 11/11 MP: 3/3
    24 | D        | Reached skill level 1 in Fighting
    24 | D        | Reached skill level 1 in Unarmed Combat
    24 | D        | Reached XP level 2. HP: 18/18 MP: 0/5
    42 | D        | Found a bloodstained altar of Trog.
    42 | D        | Found a shimmering blue altar of Sif Muna.
    42 | D        | Found a viscous altar of Jiyva.
    42 | D        | Found a hazy altar of Hepliaklqana.
    42 | D        | Found an opulent altar of Gozag.
    43 | D        | Found a glowing golden altar of the Shining One.
    43 | D        | Found a glowing silver altar of Zin.
    43 | D        | Found a basalt altar of Yredelemnul.
    43 | D        | Found a shimmering altar of Xom.
    43 | D        | Found an ornate altar of the Wu Jian Council.
    43 | D        | Found a sacrificial altar of Ru.
    43 | D        | Found a stormy altar of Qazlal.
    43 | D        | Found an iron altar of Okawaru.
    43 | D        | Found a sparkling altar of Nemelex Xobeh.
    43 | D        | Found a burning altar of Makhleb.
    43 | D        | Found a blossoming altar of Fedhas.
    43 | D        | Found a white marble altar of Elyvilon.
    43 | D        | Found a shadowy altar of Dithmenos.
    43 | D        | Found a snail-covered altar of Cheibriados.
    47 | D        | Found a corrupted altar of Lugonu.
    47 | D        | Found a radiant altar of Vehumet.
    48 | D        | Found a broken altar of Ashenzari.
    48 | D        | Found an ancient bone altar of Kikubaaqudgha.
    48 | D        | Found a hide-covered altar of Uskayaw.
    50 | D        | Became a worshipper of Gozag Ym Sagoz the Greedy
   129 | D        | Slain by an ufetubus

Illustrated notes

Levels and vault maps discovered:
D:        pitsprint [storerooms_1, entrance_room_1, metal_vault_2, armoury_2,
          mini_pit_1, grid_room_1, main_hall_1, silver_pit, the_coven_1,
          the_vestibule_1, steel_vault_3, golden_pit, hallway_of_sentries,
          crystal_vault_4, iron_vault_3, final_vault]

Skill      XL: |  1  2 |
---------------+-------+-----
Fighting       | 1 |  1.7
Stealth        | 3 |  3.9
Unarmed Combat | 1 |  1.6
Conjurations   | 2 |  2.1
Dodging        | |  2.8
Spellcasting   | |  2.6
Alchemy        | |  3.9

Action                     || total
---------------------------++-------
  Melee: Unarmed           ||    13
         Constrict         ||     3
         Tentacles         ||     2
   Cast: Sting             ||     6
 Armour: Skin              ||     6
  Dodge: Dodged            ||     9

Table legend: (Time is in decaauts)
 A = Elapsed time spent in this place.
 B = Non-inter-level travel time spent in this place.
 C = Inter-level travel time spent in this place.
 D = Time resting spent in this place.
 E = Time spent auto-exploring this place.
 F = Levels seen in this place.
 G = Mean time per level.
                   A        B        C        D        E       F      G
               +--------+--------+--------+--------+--------+-----+--------+
         Total |    128 |    128 |      0 |     20 |      0 |   1 |  128.0 |
       Dungeon |    128 |    128 |      0 |     20 |      0 |   1 |  128.0 |
               +--------+--------+--------+--------+--------+-----+--------+

Top non-repeatable levels by time:
       D: 128 daAuts
